 Dungeon Crawl Stone Soup version 0.21-a0-278-ga722497 (webtiles) character file.

70 vishdafish the Skirmisher (level 4, 7/36 HPs)
             Began as a Demonspawn Fighter on Sept 23, 2017.
             Quit the game on level 2 of the Dungeon.
             The game lasted 00:01:38 (584 turns).

vishdafish the Skirmisher (Demonspawn Fighter)       Turns: 584, Time: 00:01:39

Health: 7/36       AC:  6    Str: 17    XL:     4   Next: 3%
Magic:  4/4        EV:  7    Int: 10    God:
Gold:   81         SH:  9    Dex: 12    Spells: 3/3 levels left

rFire    . . .     SeeInvis .   a - +0 war axe
rCold    . . .     Gourm    .   c - +0 shield
rNeg     . . .     Faith    .   b - +0 scale mail
rPois    .         Spirit   .   (no helmet)
rElec    .         Reflect  .   (no cloak)
rCorr    .         Harm     .   (no gloves)
MR       .....                  (no boots)
Stlth    +.........             (no amulet)
HPRegen  0.12/turn              (no ring)
MPRegen  0.09/turn              (no ring)

@: quite poisoned (7 -> 4)
A: claws 1, hooves 1, nightstalker 1
a: no special abilities


You were on level 2 of the Dungeon.
You were not hungry.

You visited 1 branch of the dungeon, and saw 2 of its levels.

You collected 81 gold pieces.

Inventory:

Hand Weapons
 a - a +0 war axe (weapon)
Armour
 b - a +0 scale mail (worn)
 c - a +0 shield (worn)
Scrolls
 e - a scroll of fear {unknown}
 g - a scroll of remove curse {unknown}
 i - a scroll of teleportation {unknown}
 j - 2 scrolls of identify {unknown}
Potions
 d - a potion of might
Comestibles
 f - 2 bread rations
 h - a meat ration
 k - a royal jelly


   Skills:
 + Level 3.6 Fighting
 + Level 2.3 Axes
 + Level 3.1 Armour
 + Level 0.5 Dodging
 + Level 0.2 Stealth
 + Level 3.1 Shields


You had 3 spell levels left.
You didn't know any spells.

Dungeon Overview and Level Annotations

Branches:
Dungeon (2/15)

Altars:


Innate Abilities, Weirdness & Mutations

You have sharp fingernails.
You have large cloven feet.
You are slightly more attuned to the shadows.


Message History

* * * LOW HITPOINT WARNING * * *
You closely miss the adder. Your kick misses the adder.
The adder is heavily wounded.
You feel sick. You block the bat's attack. The adder barely misses you.
The adder bites you but does no damage.
You miss the adder. Your kick misses the adder.
The adder is heavily wounded.
The bat hits you but does no damage. You block the adder's attack. x2
You closely miss the adder. Your kick misses the adder.
The adder is heavily wounded.
You feel sick. The bat closely misses you. You block the bat's attack.
The adder bites you but does no damage. x2
You slash the adder!
You kill the adder!
You have reached level 4!
You feel clever.
Your demonic ancestry asserts itself...
You slip into the darkness of the dungeon.
You block the bat's attack.
You are too injured to fight recklessly!
Are you sure you want to abandon this character and quit the game? (Confirm with "yes".)

#.. .. . ... .# #
#######.. .# .....#.#
.###### ##.$.##.#
##.#..... #$b.$$#.#
#..#.####
#.###@###.####.##.# #
#.................####
######.....#########..
####### #.. #.. ### #
# #


You could see a bat.

Vanquished Creatures
  An adder (D:2)
  2 oozes (D:1)
  A worm (D:2)
  2 dart slugs (D:1)
  2 leopard geckos (D:1)
  5 bats (D:1)
  A giant cockroach (D:1)
  4 goblins
  8 hobgoblins (D:1)
  4 jackals (D:1)
  A kobold (D:1)
  A quokka (D:2)
  A ball python (D:1)
  2 frilled lizards (D:2)
  6 rats (D:1)
41 creatures vanquished.

Notes
Turn   | Place    | Note
-------+----------+-------------------------------------------
     0 | D:1      | vishdafish the Demonspawn Fighter began the quest for the Orb.
     0 | D:1      | Reached XP level 1. HP: 18/18 MP: 1/1
    53 | D:1      | Gained mutation: You have large cloven feet. [demonic ancestry]
    53 | D:1      | Reached XP level 2. HP: 24/24 MP: 2/2
   301 | D:1      | Gained mutation: You have sharp fingernails. [demonic ancestry]
   301 | D:1      | Reached XP level 3. HP: 21/29 MP: 3/3
   583 | D:2      | Gained mutation: You are slightly more attuned to the shadows. [demonic ancestry]
   583 | D:2      | Reached XP level 4. HP: 7/36 MP: 4/4
   584 | D:2      | Quit the game

Vault maps used:
D:1:      dpeg_arrival_simpleton_b, kennysheep_doodads, minmay_pentomino_u2
D:2:      nicolae_overflow_hidden_temple, minmay_split_cup_large, uniq_terence

Skill      XL: |  1  2  3 |
---------------+----------+-----
Shields        | 3 |  3.1
Axes           | 2 |  2.3
Armour         | 3 |  3.1
Fighting       | |  3.6
Dodging        | |  0.5
Stealth        | |  0.2

Action                   |  1- 3 |  4- 6 || total
-------------------------+-------+-------++-------
Melee: War axe           |    89 |       ||    89
       Kick              |    12 |       ||    12
  Use: Potion            |     1 |       ||     1
Armor: Scale mail        |    49 |       ||    49
Dodge: Dodged            |    38 |       ||    38
Block: Shield            |    61 |     1 ||    62

Table legend:
 A = Spawn XP
 B = Non-spawn XP
 C = Spawn XP percentage of total XP
 D = Spawn monster count
 E = Non-spawn monster count
 F = Spawn count percentage of total count
 G = Total turns spent on level
                    A         B        C        D         E        F      G
               +---------+---------+-------+---------+---------+-------+---------
         Total |       0 |     100 |   0.0 |       0 |      41 |   0.0 |   584
               +---------+---------+-------+---------+---------+-------+---------
           D:1 |       0 |      75 |   0.0 |       0 |      35 |   0.0 |   483
           D:2 |       0 |      25 |   0.0 |       0 |       6 |   0.0 |   101
               +---------+---------+-------+---------+---------+-------+---------
